 Dungeon Crawl Stone Soup version 0.17-a0-1069-g92ad481 (webtiles) character file.

74 wotan the Ruffian (level 4, -2/40 HPs)
             Began as a Ghoul Monk on May 17, 2015.
             Slain by Crazy Yiuf
             ... wielding a +4 quarterstaff of chaos
              (5 damage)
             ... on level 3 of the Dungeon.
             The game lasted 00:13:47 (1797 turns).

wotan the Ruffian (Ghoul Monk)                      Turns: 1797, Time: 00:13:47

Health: -2/40      AC: 10    Str: 14    XL:     4   Next: 28%
Magic:  3/3        EV:  4    Int:  5    God:
Gold:   83         SH:  0    Dex: 12    Spells: 0 memorised, 3 levels left

rFire  . . .     SeeInvis .       - Unarmed
rCold  + . .     Clarity  .     h - +0 plate armour
rNeg   + + +     SustAb   .     (no shield)
rPois  ∞         Gourm    .     (no helmet)
rElec  .         Spirit   .     (no cloak)
rCorr  .         Warding  .     (no gloves)
rMut   .         Stasis   .     (no boots)
MR     .....                    c - amulet of faith
Stlth  ..........               (no ring)
                                (no ring)

@: very slightly contaminated, rotting, not resistant to hostile enchantments,
extremely unstealthy
A: rotting body, claws 1, carnivore 3, cold resistance 1, negative energy
resistance 3, slow healing 1, torment resistance, unbreathing
a: no special abilities


You were on level 3 of the Dungeon.
You were not hungry.

You visited 1 branch of the dungeon, and saw 3 of its levels.

You collected 83 gold pieces.

Inventory:

Armour
 a - a +0 robe
 h - a +0 plate armour (worn)
Jewellery
 c - an amulet of faith (around neck)
Magical devices
 n - a wand of random effects (48)
Scrolls
 i - a scroll of remove curse
 j - a scroll of enchant armour {unknown}
 l - a scroll of blinking
 m - a scroll of teleportation
 o - a scroll of immolation {unknown}
Potions
 g - 3 potions of might
 k - a potion of agility
Comestibles
 b - a meat ration
 d - 3 chunks of flesh


   Skills:
 + Level 4.1 Fighting
 - Level 2.6 Dodging
 - Level 2.1 Stealth
 + Level 5.7 Unarmed Combat


You had 3 spell levels left.
You didn't know any spells.

Dungeon Overview and Level Annotations

Branches:
Dungeon (3/15)

Altars:
Dithmenos
Fedhas
Nemelex Xobeh
Vehumet
Xom

Annotations:
D:2 Sigmund
D:3 Crazy Yiuf


Innate Abilities, Weirdness & Mutations

Your body is rotting away.
You thrive on raw meat.
You are immune to poison.
You have sharp fingernails.
You are carnivorous and can eat meat at any time.
Your flesh is cold resistant.
You are immune to negative energy.
You heal slowly when monsters are visible.
You are immune to unholy pain and torment.
You can survive without breathing.


Message History

Crazy Yiuf is heavily wounded.
Crazy Yiuf hits you with a quarterstaff of chaos.
You scratch Crazy Yiuf.
Crazy Yiuf is almost dead.
Crazy Yiuf hits you with a quarterstaff of chaos.
Your plate armour prevents you from hitting Crazy Yiuf.
Crazy Yiuf is almost dead.
Crazy Yiuf hits you with a quarterstaff of chaos.
You closely miss Crazy Yiuf.
Crazy Yiuf is almost dead.
You scratch Crazy Yiuf.
Crazy Yiuf is almost dead.
Crazy Yiuf hits you but does no damage.
You are electrocuted!
* * * LOW HITPOINT WARNING * * *
You scratch Crazy Yiuf.
Crazy Yiuf is almost dead.
Crazy Yiuf hits you with a quarterstaff of chaos.
* * * LOW HITPOINT WARNING * * *
You convulse.
You die...

##)).#
........
##.##
#######.
##.# #.
#.## ##
##.#
#.##
##.##
#.g.#
#.@.#
#)..#
#####


You could see Crazy Yiuf (bleeding).

Vanquished Creatures
  3 adders (D:2)
  2 worms (D:2)
  A giant gecko (D:1)
  A ball python (D:1)
  A giant cockroach (D:1)
  10 goblins
  5 hobgoblins
  7 bats
  A giant newt (D:2)
  6 kobolds
  4 rats
41 creatures vanquished.

Notes
Turn   | Place    | Note
--------------------------------------------------------------
     0 | D:1      | wotan the Ghoul Monk began the quest for the Orb.
     0 | D:1      | Reached XP level 1. HP: 19/19 MP: 0/0
   320 | D:1      | Reached XP level 2. HP: 19/26 MP: 1/1
   487 | D:1      | Reached skill level 5 in Unarmed Combat
   955 | D:1      | Reached XP level 3. HP: 29/31 MP: 2/2
  1283 | D:2      | Noticed Sigmund
  1443 | D:2      | Reached XP level 4. HP: 35/40 MP: 3/3
  1457 | D:2      | Found a shadowy altar of Dithmenos.
  1457 | D:2      | Found a radiant altar of Vehumet.
  1464 | D:2      | Found a shimmering altar of Xom.
  1485 | D:2      | Found a blossoming altar of Fedhas.
  1730 | D:3      | Found a sparkling altar of Nemelex Xobeh.
  1781 | D:3      | Noticed Crazy Yiuf
  1797 | D:3      | Slain by Crazy Yiuf

Vault maps used:
D:1:      matt_arrival_los_fun
D:2:      fedhas_altar_2, grunt_temple_overflow_open, columned_hall_lemuel,
          kennysheep_generic_room_12, uniq_sigmund
D:3:      nemelex_deck, lemuel_doored_altar, grunt_ministairs_12,
          dk_yredelemnul_ordeal, uniq_jessica, uniq_grinder,
          uniq_crazy_yiuf_cottage, uniq_iyjb

Action                   |  1- 3 |  4- 6 || total
-------------------------+-------+-------++-------
Melee: Unarmed           |   116 |    29 ||   145
  Use: Scroll            |     2 |     6 ||     8
       Potion            |     1 |       ||     1
  Eat: Chunk             |     8 |     1 ||     9
